[Event "Titled Tuesday Blitz November 07 Late 2023"]
[White "Shapiro, Daniel"]
[Black "Gerbelli Neto, Eduardo"]
[WhiteFideId "2001780"]
[BlackFideId "2103281"]
[WhiteElo "2326"]
[BlackElo "2375"]
[Result "1-0"]
[Round "9"]
[TimeControl "180+1"]
[Date "2023.11.07"]
[WhiteClock "0:00:07"]
[BlackClock "0:00:00"]
[Board "89"]

1. d4 d5 2. c4 c6 3. Nf3 Nf6 4. Qb3 dxc4 5. Qxc4 e6 6. Nc3 Nbd7 7. g3 Bd6 8. Bf4 Qc7 9. e3 Bxf4 10. gxf4 O-O 11. Bg2 Qa5 12. O-O Qh5 13. Ne5 Nd5 14. Ne4 f5 15. Nd6 N7f6 16. Qb3 b6 17. Rfc1 Ng4 18. h3 Nxe5 19. dxe5 Bd7 20. Qd1 Qh6 21. a3 g5 22. Bxd5 exd5 23. Qf3 gxf4 24. exf4 Kh8 25. Kh2 Rad8 26. b4 Be8 27. Rc3 Bh5 28. Qg3 Rxd6 29. exd6 Qxd6 30. Rac1 Rg8 31. Qe3 d4 32. Rd3 dxe3 33. Rxd6 e2 34. Re1 Re8 35. Rd2 Re4 36. f3 Rxf4 37. Kg3 Rxf3+ 38. Kg2 Rxa3 39. Rd8+ Kg7 40. Rd7+ Kf6 41. Rxh7 Bf3+ 42. Kf2 Rb3 43. Rh4 a5 44. Rf4 Be4 45. Rxe2 a4 46. Rexe4 a3 47. Re1 a2 48. Ra1 Rb2+ 49. Kg3 Ke5 50. Rc4 Kd5 51. Rc3 1-0


[Site "https://www.chess.com"]

[Event "Titled Tuesday Blitz November 07 Late 2023"]
[White "Bueno, Alfeu Junior Varela"]
[Black "Melikhov, Evgeny V."]
[WhiteFideId "2108879"]
[BlackFideId "4122046"]
[WhiteElo "2313"]
[BlackElo "2371"]
[Result "1-0"]
[Round "9"]
[TimeControl "180+1"]
[Date "2023.11.07"]
[WhiteClock "0:00:06"]
[BlackClock "0:00:38"]
[Board "90"]

1. e4 c5 2. Nc3 Nc6 3. f4 g6 4. Nf3 Bg7 5. Bb5 Nd4 6. O-O Nxb5 7. Nxb5 a6 8. Nc3 d6 9. d3 e6 10. Be3 Ne7 11. d4 cxd4 12. Bxd4 O-O 13. Bxg7 Kxg7 14. Qd4+ f6 15. Rad1 Nc6 16. Qxd6 Qb6+ 17. Kh1 Rd8 18. Qa3 Bd7 19. Na4 Qc7 20. Qc5 Be8 21. e5 fxe5 22. fxe5 Rxd1 23. Rxd1 Rd8 24. Rf1 Qa5 25. Qxa5 Nxa5 26. Nc5 Rd5 27. Nxe6+ Kh6 28. Nc7 Bb5 29. Nxd5 Bxf1 30. e6 Kg7 31. e7 Kf7 32. Ng5+ Ke8 33. Nxh7 Bb5 34. b3 Bc6 35. Nhf6+ Kf7 36. c4 b5 37. cxb5 axb5 38. e8=Q+ Bxe8 39. Nxe8 Kxe8 40. Nc7+ Ke7 41. Nxb5 Nc6 42. Kg1 Ne5 43. a4 Kd7 44. Kf2 Nd3+ 45. Ke3 Nc5 46. Nd4 Kd6 47. a5 Kd5 48. b4 Na4 49. b5 Kc5 50. a6 Nb6 51. Ke4 Na8 52. Ke5 Nc7 53. a7 Kb6 54. Kf6 Kxa7 55. Kxg6 Kb6 56. h4 Kc5 57. h5 Kxd4 58. b6 Nd5 59. b7 Ne7+ 60. Kf7 Nc6 61. h6 Nd8+ 62. Kf6 Nxb7 63. h7 Nc5 64. h8=Q Kd5 65. Qd8+ Kc6 66. Qc8+ Kd5 67. Qxc5+ Kxc5 68. g4 1-0


[Site "https://www.chess.com"]

[Event "Titled Tuesday Blitz November 07 Late 2023"]
[White "Elbebiber"]
[Black "Maect19"]
[WhiteElo "2115"]
[BlackElo "2334"]
[Result "0-1"]
[Round "9"]
[TimeControl "180+1"]
[Date "2023.11.07"]
[WhiteClock "0:00:18"]
[BlackClock "0:01:16"]
[Board "91"]

1. f4 d5 2. Nf3 g6 3. e3 Bg7 4. Bb5+ c6 5. Be2 Bg4 6. h3 Bxf3 7. Bxf3 Nd7 8. O-O e5 9. d3 exf4 10. exf4 Ne7 11. d4 O-O 12. c3 Qb6 13. Qb3 Rfe8 14. Be3 Nf5 15. Bf2 Nf6 16. Nd2 Nd6 17. Rfe1 Nfe4 18. Nxe4 dxe4 19. Be2 Nf5 20. Bc4 Qxb3 21. Bxb3 e3 22. g4 exf2+ 23. Kxf2 Nd6 24. Kf3 Kf8 25. Rad1 Rxe1 26. Rxe1 Re8 27. Rd1 f5 28. gxf5 Nxf5 29. Rd3 Ke7 30. d5 c5 31. Ba4 Rd8 32. c4 Kd6 33. Rd2 a6 34. Kg4 Ne3+ 35. Kf3 Nxc4 36. Re2 b5 37. Bb3 Kxd5 38. Rd2+ Bd4 39. Rg2 a5 40. Rg5+ Kc6 41. a4 Nd2+ 0-1


[Site "https://www.chess.com"]

[Event "Titled Tuesday Blitz November 07 Late 2023"]
[White "Nita, Lucian"]
[Black "Ismayilova, Khanim"]
[WhiteFideId "1206923"]
[BlackFideId "13429019"]
[WhiteElo "2302"]
[BlackElo "2168"]
[Result "1-0"]
[Round "9"]
[TimeControl "180+1"]
[Date "2023.11.07"]
[WhiteClock "0:02:06"]
[BlackClock "0:01:45"]
[Board "92"]

1. e4 c5 2. d3 e6 3. Nf3 d5 4. Nbd2 Nc6 5. Be2 Bd6 6. O-O Nf6 7. exd5 exd5 8. c3 O-O 9. d4 Bg4 10. dxc5 Bxc5 11. Nb3 Bb6 12. Bg5 Be6 13. Nfd4 Nxd4 14. Nxd4 h6 15. Bh4 Qd6 16. Bxf6 gxf6 17. Qd3 Bc7 18. Qg3+ Qxg3 19. hxg3 Be5 20. Rad1 Rfd8 21. Rd2 Rac8 22. Rfd1 Rc5 23. Bf3 Bxd4 24. Rxd4 Ra5 25. a3 Rb5 26. Rb4 Rxb4 27. axb4 b5 28. Ra1 Rd7 29. Ra5 Rb7 30. Kf1 Kf8 31. Ke2 Ke7 32. Ke3 Kd6 33. Kd4 Kc6 34. Ra6+ Kd7 35. Bxd5 Bxd5 36. Kxd5 Rb6 37. Rxa7+ Ke8 38. Kc5 Rb8 39. g4 Rd8 40. Kxb5 Rd2 41. c4 Rxf2 42. c5 Rxg2 43. c6 Rxg4 44. Ra8+ Ke7 45. c7 h5 46. c8=Q h4 47. Qxg4 f5 48. Qxh4+ Ke6 49. Re8+ Kd5 50. Qd8# 1-0


[Site "https://www.chess.com"]

[Event "Titled Tuesday Blitz November 07 Late 2023"]
[White "VitaliyChayka"]
[Black "De Souza, Cristiano Gomes"]
[BlackFideId "2151758"]
[WhiteElo "2136"]
[BlackElo "2264"]
[Result "1-0"]
[Round "9"]
[TimeControl "180+1"]
[Date "2023.11.07"]
[WhiteClock "0:00:16"]
[BlackClock "0:00:00"]
[Board "93"]

1. d4 Nf6 2. Bf4 d6 3. e3 g6 4. h3 Bg7 5. Nf3 O-O 6. Be2 b6 7. O-O Ba6 8. a4 c5 9. c3 Bxe2 10. Qxe2 Nbd7 11. Na3 Ne4 12. a5 Ndf6 13. axb6 axb6 14. Nb5 Qd7 15. Rfd1 h6 16. Bh2 Rfb8 17. Ne1 Ng5 18. Nc2 Ne6 19. Nca3 Nc7 20. e4 Nxb5 21. Nxb5 Ne8 22. e5 Rxa1 23. Rxa1 Qc6 24. Ra7 c4 25. exd6 Qxb5 26. Qxe7 Nxd6 27. Bxd6 Rf8 28. Qc7 Qf5 29. Bxf8 Bxf8 30. Qxb6 g5 31. Ra1 g4 32. Qc6 gxh3 33. gxh3 1-0


[Site "https://www.chess.com"]

[Event "Titled Tuesday Blitz November 07 Late 2023"]
[White "Chemin, Justo Reinaldo"]
[Black "Powell, Paul"]
[WhiteFideId "2101580"]
[BlackFideId "2005840"]
[WhiteElo "2202"]
[BlackElo "2083"]
[Result "1-0"]
[Round "9"]
[TimeControl "180+1"]
[Date "2023.11.07"]
[WhiteClock "0:01:41"]
[BlackClock "0:01:13"]
[Board "94"]

1. d4 Nf6 2. Bg5 e6 3. e4 Be7 4. Nd2 O-O 5. Bd3 h6 6. Bxf6 Bxf6 7. e5 Be7 8. f4 d6 9. Qe2 c5 10. dxc5 dxe5 11. fxe5 Qc7 12. Ngf3 Nc6 13. Qe4 g6 14. h4 Rd8 15. h5 g5 16. Qh7+ Kf8 17. Qh8# 1-0


[Site "https://www.chess.com"]

[Event "Titled Tuesday Blitz November 07 Late 2023"]
[White "Ghosh, Chanchal Kumer"]
[Black "Vila Dupla, Aurelio"]
[WhiteFideId "10201858"]
[BlackFideId "2203383"]
[WhiteElo "2070"]
[BlackElo "2180"]
[Result "0-1"]
[Round "9"]
[TimeControl "180+1"]
[Date "2023.11.07"]
[WhiteClock "0:00:09"]
[BlackClock "0:00:11"]
[Board "95"]

1. e4 c5 2. Nf3 d6 3. d4 cxd4 4. Nxd4 Nf6 5. Nc3 g6 6. f4 Nc6 7. Nxc6 bxc6 8. e5 Nd7 9. exd6 exd6 10. Be2 Be7 11. O-O O-O 12. Kh1 d5 13. Bf3 Bf6 14. Ne2 Rb8 15. c3 Ba6 16. Re1 Bxe2 17. Rxe2 Nc5 18. Be3 Qd6 19. g3 Rfe8 20. f5 a5 21. Bf4 Be5 22. Rxe5 Rxe5 23. Qd4 Rbe8 24. fxg6 hxg6 25. Bxe5 Rxe5 26. Rf1 Rf5 27. Kg2 Ne6 28. Qa7 Qc5 29. Qa6 Kg7 30. Re1 d4 31. Bg4 Qd5+ 32. Kg1 Re5 33. Rxe5 Qxe5 34. Bxe6 Qxe6 35. Qxa5 Qe3+ 36. Kg2 d3 37. Qd8 d2 38. Kh3 Qe6+ 39. Kg2 Qe2+ 40. Kh3 d1=Q 0-1


[Site "https://www.chess.com"]

[Event "Titled Tuesday Blitz November 07 Late 2023"]
[White "Kniazev, Igor"]
[Black "Molina, Jessica"]
[WhiteFideId "4136349"]
[BlackFideId "3303888"]
[WhiteElo "2178"]
[BlackElo "2054"]
[Result "1-0"]
[Round "9"]
[TimeControl "180+1"]
[Date "2023.11.07"]
[WhiteClock "0:00:09"]
[BlackClock "0:00:04"]
[Board "96"]

1. e4 e6 2. d4 b6 3. Nc3 Bb7 4. a3 c5 5. Nf3 cxd4 6. Nxd4 Nc6 7. Be3 Nxd4 8. Bxd4 Nf6 9. Bd3 Be7 10. O-O O-O 11. e5 Nd5 12. Qh5 g6 13. Qg4 Nxc3 14. Bxc3 d6 15. Rad1 Qc7 16. exd6 Bxd6 17. Bxg6 Bxh2+ 18. Kh1 hxg6 19. Rfe1 Bd6 20. Qd4 e5 21. Qxd6 Qxd6 22. Rxd6 f6 23. Red1 Be4 24. Re6 Bxc2 25. Rdd6 Kg7 26. f4 Bb3 27. Re7+ Rf7 28. fxe5 Rxe7 29. exf6+ Kf7 30. fxe7 Kxe7 31. Rxg6 b5 32. g4 a5 33. Kg2 a4 34. Kg3 Kf7 35. Rf6+ Ke7 36. Rf5 Bc4 37. g5 Rg8 38. Kf4 Ke6 39. Rf6+ Kd5 40. Bb4 Kd4 41. g6 Kd3 42. Rd6+ Kc2 43. Bc3 Kb3 44. g7 b4 45. axb4 a3 46. bxa3 Kxc3 47. Rd7 Kb3 48. Ra7 Bb5 49. Ke5 Kc4 50. Kf6 Kb3 51. Ra5 Bc4 52. Ra7 Bb5 53. Rb7 Bc4 54. Ra7 Kc3 55. Rc7 Kb3 56. Rxc4 Kxc4 57. Kf7 Ra8 58. g8=Q Rxg8 59. Kxg8 Kb5 60. Kf7 Kb6 61. Ke6 Kb5 62. Kd5 Kb6 63. Kc4 Ka6 64. b5+ Kb6 65. Kb4 Kb7 66. Kc5 Kc7 67. b6+ Kb7 68. Kb5 Kb8 69. Kc6 Ka8 70. b7+ Kb8 71. a4 Ka7 72. Kc7 Ka6 73. b8=Q Ka5 74. Qb5# 1-0


[Site "https://www.chess.com"]

[Event "Titled Tuesday Blitz November 07 Late 2023"]
[White "Freeeeeeeeeeeeeeeeee"]
[Black "Feliz Dotel, Dewar Bienvenido"]
[BlackFideId "6402801"]
[WhiteElo "2040"]
[BlackElo "2147"]
[Result "1-0"]
[Round "9"]
[TimeControl "180+1"]
[Date "2023.11.07"]
[WhiteClock "0:00:11"]
[BlackClock "0:00:00"]
[Board "97"]

1. Nf3 d5 2. g3 e6 3. Bg2 c5 4. b3 Be7 5. Bb2 Bf6 6. Ne5 Nd7 7. f4 Bxe5 8. fxe5 Ne7 9. e3 O-O 10. O-O b5 11. d4 cxd4 12. exd4 b4 13. Nd2 a5 14. Qg4 Ba6 15. Rf2 Rc8 16. Nf3 Nf5 17. Nh4 Nxh4 18. gxh4 Rc6 19. Bf1 Bxf1 20. Raxf1 Qc8 21. Rg2 g6 22. Rff2 a4 23. Bc1 axb3 24. axb3 Rc3 25. Bh6 Re8 26. Qf4 Re7 27. Bg5 Qe8 28. Bxe7 Qxe7 29. h5 Kg7 30. hxg6 hxg6 31. h4 Nf8 32. h5 Rc8 33. Rh2 g5 34. h6+ Kh7 35. Qf3 Ng6 36. Qxf7+ Qxf7 37. Rxf7+ Kh8 38. Rf6 Nf4 39. Rxf4 1-0


[Site "https://www.chess.com"]

[Event "Titled Tuesday Blitz November 07 Late 2023"]
[White "Petersson, Kjell"]
[Black "Vargas, Mauricio"]
[WhiteFideId "1705148"]
[BlackFideId "4404572"]
[WhiteElo "2136"]
[BlackElo "1862"]
[Result "1-0"]
[Round "9"]
[TimeControl "180+1"]
[Date "2023.11.07"]
[WhiteClock "0:01:00"]
[BlackClock "0:00:00"]
[Board "98"]

1. d4 d5 2. Bf4 h5 3. Nf3 Bg4 4. h3 Bxf3 5. exf3 e6 6. Bd3 Bd6 7. Qd2 Ne7 8. Nc3 g6 9. O-O-O Nd7 10. g4 hxg4 11. hxg4 Rxh1 12. Rxh1 Nf8 13. Rh8 Bxf4 14. Qxf4 Qd6 15. Qh6 Nc6 16. Nb5 Qe7 17. Nxc7+ Kd7 18. Nb5 a6 19. Nc3 Nxd4 20. f4 Rc8 21. f5 gxf5 22. gxf5 Nxf5 23. Bxf5 exf5 24. Qd2 Rc5 25. Nxd5 Qd6 26. Ne3 1-0


[Site "https://www.chess.com"]

[Event "Titled Tuesday Blitz November 07 Late 2023"]
[White "Bongo Akanga Ndjila, Barthelemy"]
[Black "katharinareinecke"]
[WhiteFideId "10609431"]
[WhiteElo "2022"]
[BlackElo "1936"]
[Result "0-1"]
[Round "9"]
[TimeControl "180+1"]
[Date "2023.11.07"]
[WhiteClock "0:00:00"]
[BlackClock "0:00:23"]
[Board "99"]

1. d4 d5 2. c4 c6 3. Nc3 Nf6 4. g3 e6 5. e3 Be7 6. Nf3 O-O 7. Qc2 b6 8. Ne5 Bb7 9. g4 Nbd7 10. g5 Ne8 11. f4 Nxe5 12. dxe5 dxc4 13. Bxc4 c5 14. Rg1 a6 15. Ne4 b5 16. Be2 c4 17. Nf6+ Nxf6 18. gxf6 Bb4+ 19. Kf2 g6 20. h4 Qd5 21. h5 Qe4 22. Qd1 Rfd8 23. Qf1 Bc5 24. Rg3 Qxf4+ 25. Bf3 Bxf3 26. Rxf3 Qxe5 27. hxg6 hxg6 28. Qh3 Qh5 29. Qg3 Rd5 30. Ke2 Rg5 31. Qf2 Qh1 32. b3 Rg2 33. Bb2 Rxf2+ 34. Rxf2 Qh5+ 35. Kd2 Qd5+ 36. Ke2 cxb3 37. Rh1 Qc4+ 38. Kf3 bxa2 0-1


[Site "https://www.chess.com"]

[Event "Titled Tuesday Blitz November 07 Late 2023"]
[White "Desideri, Ricardo Maruchi"]
[Black "Travadon, Loic"]
[WhiteFideId "2110440"]
[BlackFideId "26092131"]
[WhiteElo "1989"]
[BlackElo "2246"]
[Result "1-0"]
[Round "9"]
[TimeControl "180+1"]
[Date "2023.11.07"]
[WhiteClock "0:01:38"]
[BlackClock "0:00:00"]
[Board "100"]

1. e4 e5 2. f4 d5 3. exd5 exf4 4. Nf3 Nf6 5. d4 Nxd5 6. Nc3 Bb4 7. Bc4 Bxc3+ 8. bxc3 c6 9. O-O O-O 10. Bxd5 cxd5 11. Bxf4 Nc6 12. Ne5 Nxe5 13. Bxe5 f6 14. Bg3 Bd7 15. Rb1 a6 16. Rxb7 Bb5 17. Re1 Re8 18. Qg4 Rxe1+ 19. Bxe1 g6 20. Qe6+ Kh8 21. Bh4 g5 22. Bxg5 fxg5 23. Qe5+ 1-0


[Site "https://www.chess.com"]

[Event "Titled Tuesday Blitz November 07 Late 2023"]
[White "Broca Jimenez, Fernando"]
[Black "Mirza, Diana"]
[WhiteFideId "5104742"]
[BlackFideId "2503999"]
[WhiteElo "2221"]
[BlackElo "1979"]
[Result "0-1"]
[Round "9"]
[TimeControl "180+1"]
[Date "2023.11.07"]
[WhiteClock "0:00:02"]
[BlackClock "0:00:10"]
[Board "101"]

1. e4 d5 2. exd5 Qxd5 3. c4 Qd8 4. d4 Nf6 5. Nc3 Bg4 6. Be2 Bxe2 7. Ngxe2 e6 8. O-O Be7 9. Bg5 O-O 10. Qd2 h6 11. Bf4 Nbd7 12. Rad1 c6 13. d5 cxd5 14. cxd5 exd5 15. Nxd5 Nxd5 16. Qxd5 Nf6 17. Qxb7 Qe8 18. Nc3 Bc5 19. Rfe1 Qc8 20. Qxc8 Raxc8 21. Bd6 Bxd6 22. Rxd6 Rfd8 23. Red1 Rxd6 24. Rxd6 Ne4 25. Rd3 Nxc3 26. Rxc3 Rd8 27. Kf1 Rd2 28. Rc8+ Kh7 29. Rb8 Kg6 30. g3 f6 31. Kg2 Rc2 32. Rb7 a5 33. Rb5 a4 34. Ra5 Rxb2 35. Rxa4 h5 36. h4 Kh7 37. Ra7 Rb1 38. a4 Ra1 39. a5 Ra3 40. a6 Ra4 41. Ra8 Ra3 42. Kf1 Ra4 43. Ke2 Ra3 44. Kd2 Ra2+ 45. Ke3 Ra3+ 46. Kf4 Ra4+ 47. Kf5 Ra2 48. f4 Ra3 49. Ke6 Rxg3 50. Rb8 Ra3 51. Rb6 Ra4 52. f5 Rxh4 53. Kd7 Ra4 54. Kc7 h4 55. Kb7 g5 56. Rxf6 g4 57. Rg6 h3 58. a7 h2 59. Rxg4 Rxa7+ 60. Kxa7 h1=Q 61. Ra4 Qh2 62. Kb6 Qf2+ 63. Kb5 Qxf5+ 64. Kb4 Qe4+ 65. Kb5 Qe8+ 66. Kb4 Qe7+ 67. Kb3 Qb7+ 68. Rb4 Qf3+ 69. Ka4 Kg6 70. Rb3 Qd1 71. Kb4 Kf5 72. Rc3 Qd6+ 73. Rc5+ Ke4 74. Kb5 Qd3+ 75. Kb6 Qd4 76. Kb5 Qd7+ 77. Rc6 Kd5 78. Kb4 Qxc6 79. Ka3 Qb7 80. Ka4 Kc4 81. Ka5 Qb5# 0-1


[Site "https://www.chess.com"]

[Event "Titled Tuesday Blitz November 07 Late 2023"]
[White "Smirnov, Timofey"]
[Black "Dias, Joao Batista"]
[WhiteFideId "24176427"]
[BlackFideId "2108240"]
[WhiteElo "2081"]
[BlackElo "1964"]
[Result "1-0"]
[Round "9"]
[TimeControl "180+1"]
[Date "2023.11.07"]
[WhiteClock "0:01:13"]
[BlackClock "0:02:07"]
[Board "103"]

1. d4 d5 2. Bf4 Nf6 3. e3 Nc6 4. c3 g6 5. h3 Bg7 6. Nf3 O-O 7. Be2 Re8 8. O-O Nd7 9. Nbd2 e5 10. dxe5 Ndxe5 11. Nxe5 Nxe5 12. Nf3 c6 13. Qc2 Bf5 14. Qd1 Be4 15. Nxe5 Bxe5 16. Bxe5 Rxe5 17. Bf3 Qf6 18. Bxe4 Rxe4 19. Qf3 Qxf3 20. gxf3 Re6 21. Rad1 Kg7 22. Kg2 Kf6 23. f4 Rae8 24. Kf3 h5 25. Rg1 a5 26. a4 Ra8 27. Rd4 Ra6 28. Rd2 Rb6 29. h4 Rb3 30. Ke2 Re8 31. Kd3 b5 32. axb5 cxb5 33. Kc2 a4 34. Rxd5 b4 35. c4 Rc8 36. Rd4 Rc5 37. Rg5 Rxg5 38. fxg5+ Kf5 39. c5 1-0


[Site "https://www.chess.com"]

[Event "Titled Tuesday Blitz November 07 Late 2023"]
[White "Ristic, Nebojsa B"]
[Black "Bao, Qilin"]
[WhiteFideId "935468"]
[BlackFideId "8605750"]
[WhiteElo "2540"]
[BlackElo "2670"]
[Result "0-1"]
[Round "9"]
[TimeControl "180+1"]
[Date "2023.11.07"]
[WhiteClock "0:00:21"]
[BlackClock "0:00:37"]
[Board "104"]

1. d4 Nf6 2. Bf4 b6 3. e3 Bb7 4. Nc3 g6 5. h4 Bg7 6. h5 Nxh5 7. Rxh5 gxh5 8. Qxh5 e6 9. O-O-O d6 10. Bd3 Nd7 11. Nf3 a6 12. Bg5 Bf6 13. Ne4 Bxg5 14. Nfxg5 Qe7 15. f3 h6 16. Rh1 Nf8 17. Ng3 Rg8 18. N5e4 d5 19. Qxh6 dxe4 20. Bxe4 O-O-O 21. Bxb7+ Kxb7 22. Ne4 Ng6 23. Rh5 Rh8 0-1


[Site "https://www.chess.com"]

[Event "Titled Tuesday Blitz November 07 Late 2023"]
[White "Carlsen, Magnus"]
[Black "Firouzja, Alireza"]
[WhiteFideId "1503014"]
[BlackFideId "12573981"]
[WhiteElo "3273"]
[BlackElo "3083"]
[Result "1-0"]
[Round "10"]
[TimeControl "180+1"]
[Date "2023.11.07"]
[WhiteClock "0:00:07"]
[BlackClock "0:00:00"]
[Board "1"]

1. h4 a6 2. e4 b5 3. d4 Bb7 4. Bd3 e6 5. Nf3 c5 6. c3 Nf6 7. Qe2 cxd4 8. cxd4 Nc6 9. Nc3 Ng4 10. Bf4 Nb4 11. Bb1 h5 12. O-O d5 13. e5 Be7 14. g3 Qb6 15. Kg2 Nc6 16. Qd2 Rc8 17. Ne2 Qa5 18. Qd1 g6 19. a3 Qb6 20. Bd3 Kf8 21. Qd2 Kg7 22. Bg5 Bxg5 23. Qxg5 Qd8 24. Qf4 Qe7 25. Ng5 Na5 26. f3 Nh6 27. g4 Nc4 28. b3 Na5 29. Rab1 Ng8 30. Kg3 Rf8 31. Qd2 Nc6 32. Nf4 Bc8 33. Rbc1 Nxd4 34. Qc3 Qa7 35. Bxg6 hxg4 36. fxg4 Nh6 37. Nh5+ Kg8 38. Nf6+ Kg7 39. Nh5+ Kg8 40. Qxc8 Ne2+ 41. Kg2 Nxc1 42. Qxc1 Qd4 43. Nf6+ Kg7 44. Bxf7 Nxf7 45. Nxe6+ 1-0


[Site "https://www.chess.com"]

[Event "Titled Tuesday Blitz November 07 Late 2023"]
[White "Deac, Bogdan-Daniel"]
[Black "Duda, Jan-Krzysztof"]
[WhiteFideId "1226380"]
[BlackFideId "1170546"]
[WhiteElo "2990"]
[BlackElo "3100"]
[Result "0-1"]
[Round "10"]
[TimeControl "180+1"]
[Date "2023.11.07"]
[WhiteClock "0:00:01"]
[BlackClock "0:00:05"]
[Board "2"]

1. e4 e5 2. Nf3 Nc6 3. Bb5 Nf6 4. O-O Nxe4 5. Re1 Nd6 6. Nxe5 Be7 7. Bf1 O-O 8. d4 Nf5 9. Nf3 d5 10. Nc3 Bf6 11. Ne2 g6 12. c3 Nce7 13. Nf4 a5 14. a4 b6 15. Ne5 c5 16. g3 Bg7 17. Bg2 cxd4 18. cxd4 Bb7 19. b3 Re8 20. Bb2 Bh6 21. Qf3 Rc8 22. Rac1 Rxc1 23. Rxc1 Nc8 24. Ng4 Bg7 25. Nxd5 Ncd6 26. Qd1 Ne4 27. Nde3 Nxe3 28. Nxe3 Qf6 29. Ng4 Qd6 30. Ne5 Bd5 31. Nc4 Qf6 32. Qf3 Qe6 33. Qd3 Ng5 34. h4 Bxg2 35. Kxg2 Qd5+ 36. Kh2 Nf3+ 37. Kh3 Ne1 38. Qf1 Qf5+ 39. Kh2 Nf3+ 40. Kh1 Nxd4 41. Bxd4 Bxd4 42. Kg1 Qf3 43. Re1 Qxg3+ 44. Kh1 Qxh4+ 0-1


[Site "https://www.chess.com"]

[Event "Titled Tuesday Blitz November 07 Late 2023"]
[White "Aravindh, Chithambaram VR."]
[Black "Hakobyan, Aram"]
[WhiteFideId "5072786"]
[BlackFideId "13306677"]
[WhiteElo "2946"]
[BlackElo "3069"]
[Result "1-0"]
[Round "10"]
[TimeControl "180+1"]
[Date "2023.11.07"]
[WhiteClock "0:00:04"]
[BlackClock "0:00:01"]
[Board "3"]

1. b3 d5 2. Bb2 c5 3. e3 a6 4. Nf3 f6 5. d4 cxd4 6. exd4 Nc6 7. c4 e6 8. Bd3 Bd6 9. O-O Nge7 10. Re1 O-O 11. Nbd2 Bd7 12. Rc1 Rc8 13. a3 Ng6 14. g3 Nce7 15. b4 Bb8 16. cxd5 exd5 17. Rxc8 Qxc8 18. Nb3 Bf5 19. Nc5 Bg4 20. Be2 b6 21. Nd3 Re8 22. Nd2 Bxe2 23. Qxe2 Kf7 24. Rc1 Qd7 25. Nf1 Nf5 26. Qh5 Rc8 27. Re1 Ne7 28. Ne3 Kg8 29. Kg2 Nf8 30. h4 Rd8 31. Qf3 Ne6 32. Ng4 Nf8 33. h5 Nf5 34. h6 Ng6 35. Rh1 Rf8 36. hxg7 Kxg7 37. Bc1 Qe6 38. Nh6 Nxd4 39. Qe3 Qe4+ 40. f3 Qxe3 41. Bxe3 Nc2 42. Nf5+ Kg8 43. Bxb6 Re8 44. f4 Nxa3 45. Nc5 Nc4 46. Nd7 Re6 47. Bd4 Nd2 48. Nxf6+ Kf8 49. Rxh7 Re2+ 50. Kh3 Nf3 51. Bc5+ Ne7 52. Bxe7+ Rxe7 53. Nxe7 d4 54. Ng6# 1-0


[Site "https://www.chess.com"]

[Event "Titled Tuesday Blitz November 07 Late 2023"]
[White "Melkumyan, Hrant"]
[Black "Martinez Alcantara, Jose Eduardo"]
[WhiteFideId "13302485"]
[BlackFideId "3805662"]
[WhiteElo "2940"]
[BlackElo "3056"]
[Result "1/2-1/2"]
[Round "10"]
[TimeControl "180+1"]
[Date "2023.11.07"]
[WhiteClock "0:00:06"]
[BlackClock "0:00:08"]
[Board "4"]

1. d4 Nf6 2. c4 e6 3. Nf3 Bb4+ 4. Bd2 c5 5. Bxb4 cxb4 6. g3 b6 7. Bg2 Bb7 8. O-O a5 9. a3 Na6 10. axb4 Nxb4 11. Nc3 O-O 12. b3 Rc8 13. Rc1 d6 14. e3 Qe7 15. Qe2 Ba6 16. Rfd1 d5 17. Ne5 Nd7 18. Nxd7 Qxd7 19. Na2 Qd6 20. Bf1 g6 21. Qd2 Nxa2 22. Qxa2 dxc4 23. bxc4 Bb7 24. Bg2 Bxg2 25. Kxg2 Rc6 26. Rc2 Rfc8 27. Rdc1 e5 28. dxe5 Qxe5 29. Kg1 h5 30. Qb2 Qe6 31. Qd4 Rd6 32. Qf4 Rc5 33. Qf3 h4 34. gxh4 Qe7 35. Qg3 Kg7 36. Rb2 Rdc6 37. Rcb1 Qe6 38. h3 a4 39. Qg4 Qf6 40. Qd4 Qxd4 41. exd4 Rxc4 42. Rxb6 Rxb6 43. Rxb6 Rxd4 44. h5 gxh5 45. Ra6 f6 46. Kg2 Kg6 47. Ra5 Rb4 48. Kg3 Rb3+ 49. Kh4 Rb4+ 50. Kg3 f5 51. f4 h4+ 52. Kxh4 Rxf4+ 53. Kg3 Rb4 54. h4 Rg4+ 55. Kh3 Re4 56. Kg3 Rb4 57. Kh3 Rb3+ 58. Kg2 a3 59. Kf2 Rh3 60. Kg2 Rc3 61. Kf2 Kf6 62. Ke2 Rh3 63. Kf2 Rd3 64. Kg2 Rc3 65. Kf2 Kg6 66. Kg2 f4 67. Kf2 Rb3 68. Kg2 Kf6 69. Kf2 Ke6 70. Kg2 Ke7 71. Kf2 Kd6 72. Kg2 Kc7 73. h5 Kb6 74. Ra8 Kb7 75. Ra4 Rg3+ 76. Kf2 Rh3 77. h6 Kb6 78. h7 Rxh7 79. Rxa3 Kc5 80. Ra4 Rh4 81. Kf3 Kd5 82. Rxf4 Rxf4+ 83. Kxf4 1/2-1/2


[Site "https://www.chess.com"]

[Event "Titled Tuesday Blitz November 07 Late 2023"]
[White "Zhigalko, Sergei"]
[Black "Nihal Sarin"]
[WhiteFideId "13502956"]
[BlackFideId "25092340"]
[WhiteElo "2918"]
[BlackElo "3110"]
[Result "0-1"]
[Round "10"]
[TimeControl "180+1"]
[Date "2023.11.07"]
[WhiteClock "0:00:00"]
[BlackClock "0:00:07"]
[Board "5"]

1. e4 c5 2. Nf3 Nc6 3. c3 d5 4. exd5 Qxd5 5. d4 Bf5 6. Be3 cxd4 7. Nxd4 Nf6 8. Nxf5 Qxf5 9. Bd3 Qd5 10. O-O O-O-O 11. Bc2 e6 12. Qe2 Bc5 13. Bxc5 Qxc5 14. Nd2 Qe5 15. Rfe1 Qxe2 16. Rxe2 Kc7 17. Nf3 h6 18. h4 Rd6 19. Rd1 Rxd1+ 20. Bxd1 b5 21. a4 Rd8 22. Bc2 a6 23. axb5 axb5 24. g3 Ra8 25. Be4 Nxe4 26. Rxe4 Ra4 27. Re2 Kd6 28. Kg2 f6 29. Rd2+ Ke7 30. h5 Ra2 31. g4 b4 32. Nd4 Nxd4 33. Rxd4 b3 34. Rd2 f5 35. f3 Kf6 36. Kg3 Ra1 37. c4 Rg1+ 38. Kf2 Rc1 39. Kg3 Rc2 40. Rd6 Rxb2 41. Rb6 fxg4 42. fxg4 Ke5 43. c5 Kd5 44. Rb7 Kxc5 45. Rxg7 Rd2 46. Rb7 b2 47. g5 hxg5 48. h6 Kc6 49. Rb8 Rd3+ 50. Kg4 Rd4+ 51. Kxg5 Rd5+ 52. Kf6 Rb5 53. Rxb5 Kxb5 54. h7 b1=Q 55. h8=Q Qb2+ 0-1


[Site "https://www.chess.com"]

[Event "Titled Tuesday Blitz November 07 Late 2023"]
[White "Makarian, Rudik"]
[Black "Kamsky, Gata"]
[WhiteFideId "44105681"]
[BlackFideId "2000024"]
[WhiteElo "2991"]
[BlackElo "2882"]
[Result "1/2-1/2"]
[Round "10"]
[TimeControl "180+1"]
[Date "2023.11.07"]
[WhiteClock "0:00:07"]
[BlackClock "0:00:15"]
[Board "6"]

1. d4 f5 2. c4 Nf6 3. Nc3 e6 4. Nf3 Bb4 5. Bd2 b6 6. g3 Bb7 7. Bg2 O-O 8. O-O a5 9. a3 Bxc3 10. Bxc3 Ne4 11. Qc2 a4 12. Rfd1 d6 13. Nd2 Nxc3 14. Qxc3 Bxg2 15. Kxg2 Nd7 16. Qf3 Ra5 17. Rac1 Qa8 18. Nb1 Qxf3+ 19. exf3 e5 20. Nc3 exd4 21. Rxd4 Nc5 22. Re1 Raa8 23. Nd5 Rf7 24. Rd2 Raf8 25. Rde2 Nd3 26. Rd1 Nc5 27. h4 g6 28. Re3 Kg7 29. Rde1 h6 30. Re7 Nd3 31. Rxf7+ Rxf7 32. Re2 Ne5 33. Rc2 Nd3 34. Re2 g5 35. h5 f4 36. Nc3 Ne5 37. g4 Nxc4 38. Nxa4 b5 39. Nc3 c6 40. Na2 Kf6 41. Nb4 Ne5 42. Rc2 c5 43. Nd5+ Ke6 44. Nc3 Rb7 45. Ne4 c4 46. Rd2 Rb6 47. Nc3 Nd3 48. Re2+ Ne5 49. Rd2 Rb7 50. Ne2 Nc6 51. Nc3 Ne5 52. Ne2 Nd3 53. Nd4+ Kd5 54. Nf5 Kc5 55. Nxh6 b4 56. axb4+ Kxb4 57. Nf5 d5 58. h6 Kb3 59. Re2 Nxb2 60. Re7 Rb8 61. Rd7 c3 62. Rxd5 Kc4 63. Rd7 c2 64. Rc7+ Kd3 65. Nd6 Nd1 66. Rxc2 Kxc2 67. Nf7 Kd3 68. h7 Ke2 69. h8=Q Rxh8 70. Nxh8 Nxf2 71. Nf7 Nd3 72. Nxg5 Ne1+ 73. Kh3 Nxf3 74. Ne6 Ke3 75. g5 Nxg5+ 76. Nxg5 f3 77. Nxf3 1/2-1/2


[Site "https://www.chess.com"]